 Dungeon Crawl Stone Soup version 0.18.1-48-g4cf74bf (console) character file.

571 Kloppie the Slasher (level 7, -1/64 HPs)
             Began as a Minotaur Abyssal Knight on July 6, 2016.
             Was a Priest of Lugonu.
             Slain by an orc warrior
             ... wielding a +0 trident
              (9 damage)
             ... on level 4 of the Dungeon.
             The game lasted 00:05:06 (3792 turns).

Kloppie the Slasher (Minotaur Abyssal Knight)       Turns: 3792, Time: 00:05:07

Health: -1/64      AC:  7    Str: 16    XL:     7   Next: 11%
Magic:  7/7        EV:  9    Int:  9    God:    Lugonu [***...]
Gold:   157        SH:  0    Dex: 12    Spells: 0 memorised, 6 levels left

rFire  . . .     SeeInvis .     a - +2 falchion
rCold  . . .     Gourm    .     f - +0 scale mail
rNeg   . . .     Faith    .     (no shield)
rPois  .         Spirit   .     (helmet restricted)
rElec  .         Dismiss  .     (no cloak)
rCorr  .         Reflect  .     (no gloves)
SustAt .         Harm     .     (no boots)
MR     .....                    (no amulet)
Stlth  ..........               (no ring)
                                (no ring)

@: not resistant to hostile enchantments, extremely unstealthy
A: retaliatory headbutt, horns 2
a: Depart the Abyss, Bend Space, Banish, Renounce Religion


You were on level 4 of the Dungeon.
You worshipped Lugonu.
Lugonu was most pleased with you.
You were not hungry.

You visited 1 branch of the dungeon, and saw 5 of its levels.
You visited the Abyss 1 time.

You collected 157 gold pieces.

Inventory:

Hand Weapons
 a - a +2 falchion (weapon)
Armour
 f - a +0 scale mail (worn)
Wands
 p - a wand of iceblast (13/15)
Scrolls
 e - a scroll of immolation
 g - a scroll of remove curse
Potions
 j - 2 potions of cancellation
 l - a potion of lignification
 o - a potion of curing {unknown}
Comestibles
 b - 4 chunks of flesh
 c - 2 bread rations


   Skills:
 + Level 6.6 Fighting
 * Level 6.6 Long Blades
 - Level 4.3 Armour
 - Level 1.1 Dodging
 - Level 1.7 Invocations


You had 6 spell levels left.
You didn't know any spells.

Dungeon Overview and Level Annotations

Branches:
Dungeon (5/15)
 Temple: D:4-7

Altars:


Innate Abilities, Weirdness & Mutations

You reflexively headbutt those who attack you in melee.
You have a pair of horns on your head.


Message History

You are too injured to fight recklessly!
You are too injured to fight recklessly!
Your scale mail prevents you from hitting the orc warrior.
The orc warrior is severely wounded.
You closely miss the orc warrior.
The orc warrior is severely wounded.
The orc warrior barely misses you.
Your scale mail prevents you from hitting the orc warrior.
You headbutt the orc warrior, but do no damage.
The orc warrior is severely wounded.
The orc warrior closely misses you. You furiously retaliate!
You headbutt the orc warrior. You barely miss the orc warrior.
The orc warrior is severely wounded.
The orc warrior hits you with a trident!
* * * LOW HITPOINT WARNING * * *
You hit the orc warrior. Your headbutt misses the orc warrior.
The orc warrior is almost dead.
The orc warrior hits you with a trident!
You die...

#..............## #.#
####..........#.#####.#
.#####.######..###......#
......<# #...#.#######
####...######..#.##
#...........#.########
##..####.##........(..
#..# #.####[######## #..#
#.# #@# #..####.####o#
#......#.W...#
#.#####.######
#.#####.### #.........#
######## ........#.#
#....... #########.#
#.###### #.# #.#


You could see an orc warrior.

Vanquished Creatures
  The ghost of schammes the Chiller, an amateur DsIE of Gozag (D:4)
  A scorpion (D:4)
  A water moccasin skeleton (D:4)
  A howler monkey (D:4)
  2 hounds (D:4)
  An orc priest (D:4)
  A giant frog skeleton (D:4)
  An iguana (D:3)
  A worker ant (D:4)
  4 gnolls (D:4)
  5 adders
  2 oozes
  An adder skeleton (D:4)
  4 worms
  2 giant geckos (D:2)
  7 orcs (D:4)
  4 giant cockroaches
  9 goblins
  6 hobgoblins
  8 jackals
  3 quokkas
  A ball python (D:3)
  5 bats
  3 giant newts
  6 kobolds
  8 rats
88 creatures vanquished.

Notes
Turn   | Place    | Note
--------------------------------------------------------------
     0 | Abyss:1  | Kloppie the Minotaur Abyssal Knight began the quest for the Orb.
     0 | Abyss:1  | Reached XP level 1. HP: 19/19 MP: 1/1
     0 | D:1      | Escaped the Abyss
   302 | D:1      | You fall through a shaft!
   311 | D:1      | Reached * piety under Lugonu
   313 | D:1      | Reached XP level 2. HP: 26/27 MP: 2/2
   799 | D:2      | Reached XP level 3. HP: 25/33 MP: 3/3
  1087 | D:2      | Reached ** piety under Lugonu
  1296 | D:2      | Reached XP level 4. HP: 30/41 MP: 4/4
  1880 | D:3      | Reached skill level 5 in Fighting
  2089 | D:3      | Reached *** piety under Lugonu
  2251 | D:4      | Reached XP level 5. HP: 43/48 MP: 5/5
  2435 | D:4      | Reached skill level 5 in Long Blades
  2435 | D:4      | Reached XP level 6. HP: 34/57 MP: 6/6
  2732 | D:4      | Noticed schammes's ghost (amateur DsIE)
  3399 | D:5      | Entered Level 5 of the Dungeon
  3401 | D:5      | Noticed an orc warrior
  3422 | D:4      | Killed schammes's ghost
  3422 | D:4      | Reached XP level 7. HP: 24/64 MP: 7/7
  3792 | D:4      | Slain by an orc warrior

Skill      XL: |  1  2  3  4  5  6 |
---------------+-------------------+-----
Fighting       | 4 5 6 |  6.6
Armour         | 3 4 |  4.3
Long Blades    | 3 5 6 |  6.6
Dodging        | |  1.1
Invocations    | |  1.7

Action                   |  1- 3 |  4- 6 |  7- 9 || total
-------------------------+-------+-------+-------++-------
Melee: Falchion          |    93 |   176 |    24 ||   293
       Headbutt          |    10 |    26 |     3 ||    39
Invok: Depart the Abyss  |     1 |       |       ||     1
  Use: Scroll            |       |    11 |       ||    11
       Potion            |       |       |     2 ||     2
  Eat: Chunk             |     1 |     6 |       ||     7
       Bread ration      |       |     1 |       ||     1
Armor: Leather armour    |     4 |       |       ||     4
       Scale mail        |    28 |    72 |     8 ||   108
Dodge: Dodged            |    39 |    86 |    15 ||   140
